 Dungeon Sprint DCSS version 0.31-a0-532-g28f74ba3e5 (webtiles) character file.

Game seed: 9371067470459591170

679 dialectric the Basher (level 7, 0/51 HPs)
             Began as a Gargoyle Berserker on Aug 12, 2023.
             Was a Priest of Trog.
             Slain by a wyvern (13 damage)
             ... in the Dungeon (Sprint II: "The Violet Keep of Menkaure").
             The game lasted 00:01:00 (123 turns).

dialectric the Basher (Gargoyle Berserker)           Turns: 123, Time: 00:01:01

Health: 0/51       AC:  7    Str: 22    XL:     7   Next: 60%
Magic:  7/7        EV: 12    Int:  8    God:    Trog [***...]
Gold:   486        SH:  0    Dex:  9    Spells: 6/6 levels left

rFire   . . .        a - +0 mace
rCold   . . .        (no shield)
rNeg    + . .        b - +0 animal skin
rPois   ∞            (no helmet)
rElec   +            (no cloak)
rCorr   .            (no gloves)
SInv    .            (no boots)
Will    .....        (no amulet)
Stlth   +            (no ring)
HPRegen 0.28/turn    (no ring)
MPRegen 0.10/turn

%: no teleportation
@: on berserk cooldown
A: sickness immunity, AC +4, negative energy resistance 1, electricity
resistance, torment resistance 1, petrification resistance
a: Renounce Religion, Berserk, Trog's Hand


You were in the Dungeon.
You worshipped Trog.
Trog was most pleased with you.
You visited 1 branch You collected 486 gold pieces.

Inventory:

Hand Weapons
 a - a +0 mace (weapon)
Armour
 b - a +0 animal skin (worn)
Scrolls
 h - a scroll of blinking
Potions
 e - a potion of haste
 f - 2 potions of magic
 g - a potion of berserk rage


   Skills:
 + Level 9.6 Fighting
 * Level 13.0 Maces & Flails
 + Level 5.2 Armour
 - Level 3.1 Dodging


You had 6 spell levels left.
You didn't know any spells.
Your spell library was empty.

Dungeon Overview and Level Annotations

Branches:
Dungeon (1/1)

Altars:

Annotations:
D exclusion: ice statue


Innate Abilities, Weirdness & Mutations

You are immune to sickness and miasma.
Your stone body is resilient. (AC +4)
You are immune to poison.
You resist negative energy. (rN+)
You are resistant to electric shocks. (rElec)
You are resistant to unholy torment.
You are immune to petrification.


Message History

You sock Menkaure!
You destroy Menkaure!
Trog accepts your kill.
Trog appreciates your killing of a magic user.
Your Maces & Flails skill increases to level 13!
You feel a strong urge to attack something.
There is an open door here.
You feel your anger nearly subside.
You are no longer berserk.
You are exhausted.
You feel yourself slow down.
There is an open door here.
There is a staircase leading out of the dungeon here.
You start resting.
You feel yourself speed up.
You open the door. 2 wyverns come into view.
The wyvern hisses angrily.
Found 243 gold pieces.
You closely miss the wyvern. The wyvern barely misses you.
You hit the wyvern but do no damage. The wyvern bites you!
You closely miss the wyvern. The wyvern bites you!
You closely miss the wyvern. The wyvern barely misses you.
You hit the wyvern but do no damage. The wyvern bites you!
* * * LOW HITPOINT WARNING * * *
You hit the wyvern but do no damage.
The wyvern bites you but does no damage.
Unknown command.
You closely miss the wyvern. The wyvern barely misses you.
You feel better. The wyvern bites you.
* * * LOW HITPOINT WARNING * * *
The wyvern closely misses you.
You closely miss the wyvern. The wyvern closely misses you.
The wyvern attacks as you move away!
The wyvern bites you but does no damage.
The wyvern barely misses you.
There is an open door here.
Things that are here:
a necrophage corpse; a necrophage corpse The wyvern attacks as you move away!
The wyvern bites you!
You die...

###~~#+++#+++##
##~~~.........#
.#~~~~.##'##..#
.#~~~~##...##
.#~~~~#..#..#
.#~~####.).## #
.#~##.###'## .##
.#~#..l##.##B..#
.+ +##@l.<.+#
#...##.##B..#
##.###'# .## ##
$#. # .# #. ##
##


You could see 2 wyverns.

Vanquished Creatures
  A merfolk siren (D)
  Menkaure (D)
  4 necrophages (D)
6 creatures vanquished.

Notes
Turn   | Place    | Note
-------+----------+-------------------------------------------
     0 | D        | dialectric the Gargoyle Berserker began the quest for the
                  | Orb.
     0 | D        | Reached XP level 1. HP: 14/14 MP: 1/1
     1 | D        | Noticed a necrophage
     1 | D        | Noticed a necrophage
     1 | D        | Noticed a necrophage
     1 | D        | Noticed a necrophage
     9 | D        | Killed a necrophage
    10 | D        | Reached skill level 5 in Fighting
    10 | D        | Reached skill level 6 in Maces & Flails
    10 | D        | Reached XP level 2. HP: 17/21 MP: 2/2
    10 | D        | Reached XP level 3. HP: 22/26 MP: 3/3
    10 | D        | Reached XP level 4. HP: 26/31 MP: 4/4
    15 | D        | Killed a necrophage
    16 | D        | Reached skill level 7 in Maces & Flails
    16 | D        | Reached XP level 5. HP: 27/36 MP: 5/5
    22 | D        | Reached ** piety under Trog
    23 | D        | Reached skill level 8 in Maces & Flails
    28 | D        | Reached skill level 9 in Maces & Flails
    28 | D        | Reached XP level 6. HP: 16/44 MP: 6/6
    40 | D        | Noticed a boulder beetle
    40 | D        | Noticed a boulder beetle
    43 | D        | Noticed a merfolk siren
    61 | D        | Killed a merfolk siren
    62 | D        | Reached skill level 12 in Maces & Flails
    62 | D        | Reached skill level 5 in Armour
    62 | D        | Reached XP level 7. HP: 36/51 MP: 7/7
    65 | D        | Noticed an ice statue
    69 | D        | Noticed Menkaure
    77 | D        | Killed Menkaure
    77 | D        | Reached *** piety under Trog
    78 | D        | Reached skill level 13 in Maces & Flails
   110 | D        | Noticed a wyvern
   110 | D        | Noticed a wyvern
   123 | D        | Slain by a wyvern

Illustrated notes

Levels and vault maps discovered:
D:        the_violet_keep_of_menkaure [sprint2_stairs_cluster_1,
          sprint2_shoproom, sprint2_temple, sprint2_basic_supplies,
          sprint2_obstacle_5, sprint2_obstacle_6, sprint2_obstacle_2,
          sprint2_obstacle_7, sprint2_obstacle_3, sprint2_timed_cluster_1,
          sprint2_smallroom_cluster_1, sprint2_smallroom_final_cluster_1,
          sprint2_transparent_cluster_1, sprint2_second_timed_cluster_1,
          sprint2_sniper_area_1, sprint2_heavy_combat_area_1,
          sprint2_mutation_trap_area_1, sprint2_forest_area_1,
          sprint2_light_combat_area_1, sprint2_behind_water_1,
          sprint2_near_end_vault_1]

Skill      XL: |  1  2  3  4  5  6  7 |
---------------+----------------------+-----
Fighting       | 5 6 7 9 |  9.6
Maces & Flails | 6 7 9 12 13 | 13.0
Armour         | 3 4 5 |  5.2
Dodging        | 2 3 |  3.1

Action                     |  1- 3 |  4- 6 |  7- 9 || total
---------------------------+-------+-------+-------++-------
  Melee: Mace              |     7 |    33 |    14 ||    54
 Invoke: Berserk           |     1 |       |     1 ||     2
    Use: Potion            |       |     1 |     1 ||     2
 Armour: Animal skin       |       |     4 |     2 ||     6
  Dodge: Dodged            |     1 |     8 |     8 ||    17

Table legend: (Time is in decaauts)
 A = Elapsed time spent in this place.
 B = Non-inter-level travel time spent in this place.
 C = Inter-level travel time spent in this place.
 D = Time resting spent in this place.
 E = Time spent auto-exploring this place.
 F = Levels seen in this place.
 G = Mean time per level.
                   A        B        C        D        E       F      G
               +--------+--------+--------+--------+--------+-----+--------+
         Total |    134 |    134 |      0 |     34 |      0 |   1 |  134.0 |
       Dungeon |    134 |    134 |      0 |     34 |      0 |   1 |  134.0 |
               +--------+--------+--------+--------+--------+-----+--------+

Top non-repeatable levels by time:
       D: 134 daAuts
